cohdb
Replays
Latest Replays
All Replays
Popular Replays
Top Player Replays
Match Explorer
How It Works
Community
CoH3 Stats
Reddit
Sign in to upload your games and track your stats! →
Sign in with Steam
Match 40212400
Unlisted
Match 40212400
Overview
Messages
Build Orders
End
Selects Airborne Battlegroup
Selects Pathfinders
Selects Smoke Bombing Run
Engineer Squad
Construct Barracks
Riflemen Squad
Riflemen Squad
Construct Medical Station
Selects Paratrooper Squad Paradrop
Paratrooper Squad Paradrop
AI Takeover
Flo
Div250 | Von Grobes Herz
DibbeTC
[IsSo] Icemann10067
Chameleon Bonaparte
A.I.A.S. Willy
0
0
Comments
sign in to comment!
No comments posted yet!